 Dungeon Crawl Stone Soup version 0.27-a0-385-g3208abaabc (webtiles) character file.

Game seed: 14368112384607224358

270 wampuh the Firebug (level 6, -4/48 HPs)
             Began as a Draconian Fire Elementalist on Feb 18, 2021.
             Killed by nerve-wracking pain
             ... invoked by Grinder
              (14 damage)
             ... on level 3 of the Dungeon.
             The game lasted 00:05:13 (2803 turns).

wampuh the Firebug (Draconian Fire Elementalist)    Turns: 2803, Time: 00:05:13

Health: -4/48      AC:  7    Str: 11    XL:     6   Next: 1%
Magic:  3/10       EV: 12    Int: 17    God:
Gold:   91         SH:  0    Dex: 11    Spells: 10/11 levels left

rFire    . . .     SeeInvis .   f - +1 whip (drain)
rCold    . . .     Faith    .   (no shield)
rNeg     . . .     Spirit   .   (armour unavailable)
rPois    .         Reflect  .   (helmet restricted)
rElec    .         Harm     .   i - +0 cloak
rCorr    .         Rampage  .   (no gloves)
Will     .....                  (no boots)
Stlth    ++........             (no amulet)
HPRegen  0.16/turn              (no ring)
MPRegen  0.12/turn              (no ring)

@: no status effects
A: unfitting armour, cold-blooded, AC +6
a: no special abilities


You were on level 3 of the Dungeon.
You visited 1 branch of the dungeon, and saw 3 of its levels.

You collected 91 gold pieces.

Inventory:

Hand Weapons
 f - a +1 whip of draining (weapon)
Armour
 i - a +0 cloak (worn)
Scrolls
 a - 2 scrolls of enchant weapon {unknown}
 d - 2 scrolls of teleportation {unknown}
 e - 3 scrolls of identify {unknown}
 g - a scroll of fear {unknown}
 h - a scroll of random uselessness {unknown}
 j - a scroll of enchant armour {unknown}
 k - a scroll of magic mapping {unknown}
 m - 2 scrolls of fog {unknown}
Potions
 b - a potion of haste {unknown}
 c - 3 potions of curing
 l - 2 potions of berserk rage {unknown}


   Skills:
 + Level 1.6 Fighting
 + Level 1.5 Short Blades
 + Level 1.7 Maces & Flails
 - Level 1.7 Dodging
 - Level 1.7 Stealth
 + Level 3.0 Spellcasting
 + Level 2.3 Conjurations
 + Level 4.6 Fire Magic


You had 10 spell levels left.
You knew the following spells:

 Your Spells              Type           Power        Failure   Level
a - Foxfire               Conj/Fire      56%          4%          1

Your spell library contained the following spells:

 Spells                   Type           Power        Failure   Level
 Conjure Flame            Conj/Fire      14%          12%         3
 Inner Flame              Hex/Fire       10%          21%         3
 Sticky Flame             Conj/Fire      14%          38%         4
 Fireball                 Conj/Fire      7%           75%         5


Dungeon Overview and Level Annotations

Branches:
Dungeon (3/15)

Altars:

Annotations:
D:3 Grinder


Innate Abilities, Weirdness & Mutations

Your plain brown scales are hard. (AC +6)
You cannot fit into any form of body armour.
You are cold-blooded and may be slowed by cold attacks.


Message History

You hit Grinder.
Grinder is almost dead.
Grinder barely misses you.
You hit Grinder but do no damage.
Grinder is almost dead.
Grinder misses you.
The foxfire hits Grinder but does no damage.
Grinder is almost dead.
Grinder rolls her eyes.
Grinder gestures at you. Pain shoots through your body!
* * * LOW HITPOINT WARNING * * *
You hit Grinder but do no damage.
Grinder is almost dead.
Grinder gestures at you. You resist with significant effort.
You hit Grinder.
Grinder is almost dead.
Grinder zaps a wand.
The puff of flame hits you!
* * * LOW HITPOINT WARNING * * *
It was a potion of curing.
You feel better. Grinder hits you but does no damage.
You closely miss Grinder.
Grinder is almost dead.
Grinder closely misses you.
You barely miss Grinder.
Grinder is almost dead.
Grinder hits you but does no damage.
You closely miss Grinder.
Grinder is almost dead.
Grinder barely misses you.
You hit Grinder.
Grinder is almost dead.
Grinder blinks!
You hit Grinder.
Grinder is almost dead.
You hear the rapid rusting of a very distant drain.
Grinder gestures at you. Pain shoots through your body!
You die...

^#.#############.###
#.# .# #.# #.# .#
#.# #.# #.# #.# #.#
#.#
#..#####.######.#
................#
########5#######.
........@#######.#.
########...........
########.##########
.........#
##########


You could see Grinder.

Vanquished Creatures
  Terence (D:2)
  Natasha (thrice) (D:2)
  7 gnolls (D:3)
  3 adders (D:2)
  2 oozes
  7 dart slugs
  An orc (D:3)
  A ball python (D:2)
  2 giant cockroaches (D:1)
  2 goblins
  5 hobgoblins
  9 kobolds
  A quokka (D:2)
  11 bats
  3 frilled lizards
  8 rats
66 creatures vanquished.

Vanquished Creatures (others)
  A hobgoblin (D:1)
  107 foxfires
108 creatures vanquished.

Grand Total: 174 creatures vanquished

Notes
Turn   | Place    | Note
-------+----------+-------------------------------------------
     0 | D:1      | wampuh the Draconian Fire Elementalist began the quest for
                  | the Orb.
     0 | D:1      | Reached XP level 1. HP: 14/14 MP: 3/3
   201 | D:1      | Reached XP level 2. HP: 18/20 MP: 5/5
   479 | D:1      | Reached XP level 3. HP: 26/26 MP: 6/6
   569 | D:1      | Reached skill level 4 in Fire Magic
  1068 | D:2      | Noticed Natasha
  1079 | D:2      | Killed Natasha
  1080 | D:2      | Reached XP level 4. HP: 18/34 MP: 3/7
  1313 | D:2      | Noticed Natasha
  1319 | D:2      | Killed Natasha
  1320 | D:2      | Reached skill level 1 in Fighting
  1320 | D:2      | Reached skill level 1 in Short Blades
  1476 | D:2      | Noticed Natasha
  1487 | D:2      | Killed Natasha
  1488 | D:2      | Reached skill level 1 in Maces & Flails
  1499 | D:2      | Reached XP level 5. HP: 27/40 MP: 4/8
  1812 | D:2      | Noticed Terence
  1831 | D:2      | Killed Terence
  2652 | D:3      | Reached XP level 6. HP: 42/47 MP: 8/10
  2747 | D:3      | Noticed Grinder
  2749 | D:3      | Paralysed by Grinder for 2 turns
  2780 | D:3      | Paralysed by Grinder for 2 turns
  2796 | D:3      | HP: 2/48 [Grinder/puff of flame (7)]
  2803 | D:3      | Killed from afar by Grinder

Illustrated notes

Levels and vault maps discovered:
D:1:      dpeg_arrival_short_road, layout_rooms, minivault_24,
          lemuel_flame_loot_1
D:2:      layout_loops_ring, uniq_terence, uniq_natasha
D:3:      layout_loops_ring, portal_sewer_entry_f, uniq_grinder

Skill      XL: |  1  2  3  4  5 |
---------------+----------------+-----
Fire Magic     | 4 |  4.6
Fighting       | 1 |  1.6
Short Blades   | 1 |  1.5
Maces & Flails | 1 |  1.7
Conjurations   | 2 |  2.3
Spellcasting   | 3 |  3.0
Dodging        | |  1.7
Stealth        | |  1.7

Action                   |  1- 3 |  4- 6 || total
-------------------------+-------+-------++-------
Melee: Unarmed           |    13 |       ||    13
       Short sword       |    34 |       ||    34
       Tailslap          |     3 |     6 ||     9
       Whip              |    36 |    87 ||   123
 Cast: Foxfire           |     9 |    58 ||    67
  Use: Potion            |       |     1 ||     1
 Stab: Sleeping          |     3 |     2 ||     5
Armor: Skin              |    44 |    29 ||    73
Dodge: Dodged            |    80 |    49 ||   129

Table legend: (Time is in decaauts)
 A = Elapsed time spent in this place.
 B = Non-inter-level travel time spent in this place.
 C = Inter-level travel time spent in this place.
 D = Time resting spent in this place.
 E = Time spent auto-exploring this place.
 F = Levels seen in this place.
 G = Mean time per level.
                   A        B        C        D        E       F      G
               +--------+--------+--------+--------+--------+-----+--------+
         Total |   2812 |   2786 |     26 |    717 |   1523 |   3 |  937.3 |
       Dungeon |   2812 |   2786 |     26 |    717 |   1523 |   3 |  937.3 |
               +--------+--------+--------+--------+--------+-----+--------+

Top non-repeatable levels by time:
     D:2: 1402 daAuts
     D:1: 957 daAuts
     D:3: 452 daAuts
